 Dungeon Crawl Stone Soup version 0.23.2-1-ga50397a (webtiles) character file.

Game seed: 8192457843689853136

763 troglodite the Shield-Bearer (level 7, 0/61 HPs)
             Began as a Minotaur Fighter on May 20, 2019.
             Was an Initiate of Gozag.
             Slain by Edmund
             ... wielding a +2 dire flail of draining
              (11 damage)
             ... on level 4 of the Dungeon.
             The game lasted 00:08:39 (2569 turns).

troglodite the Shield-Bearer (Minotaur Fighter)     Turns: 2569, Time: 00:08:40

Health: 0/61       AC: 10    Str: 26    XL:     7   Next: 51%
Magic:  6/6        EV:  5    Int:  5    God:    Gozag
Gold:   483        SH:  9    Dex: 11    Spells: 6/6 levels left

rFire    . . .     SeeInvis .   a - +0 long sword
rCold    . . .     Gourm    .   c - +0 shield
rNeg     . . .     Faith    .   l - +0 chain mail
rPois    .         Spirit   .   (helmet restricted)
rElec    .         Reflect  .   p - +0 cloak (curse)
rCorr    .         Harm     .   (no gloves)
MR       .....                  (no boots)
Stlth    ..........             i - amulet of magic regeneration
HPRegen  0.20/turn              k - ring of stealth
MPRegen  0.35/turn              (no ring)

@: mighty, very heavily drained
A: retaliatory headbutt, horns 2
a: Potion Petition, Call Merchant, Bribe Branch, Renounce Religion


You were on level 4 of the Dungeon.
You worshipped Gozag.
Gozag was aware of your devotion.
You were hungry.

You visited 1 branch of the dungeon, and saw 4 of its levels.

You collected 508 gold pieces.
You paid 25 gold pieces to Gozag.

Inventory:

Hand Weapons
 a - a +0 long sword (weapon)
Armour
 c - a +0 shield (worn)
 l - a +0 chain mail (worn)
 p - a cursed +0 cloak (worn)
Jewellery
 i - an amulet of magic regeneration (around neck)
 k - a ring of stealth (left hand)
Wands
 r - a wand of random effects (24)
 t - a wand of digging (5)
Scrolls
 e - 13 scrolls of identify {unknown}
 g - 3 scrolls of magic mapping {unknown}
 h - 4 scrolls of remove curse {unknown}
 j - a scroll of noise {unknown}
 m - a scroll of enchant armour {unknown}
 n - a scroll of immolation {unknown}
 o - a scroll of enchant weapon {unknown}
Potions
 b - a potion of ambrosia {unknown}
 d - 3 potions of might
 q - a potion of cancellation {unknown}
 s - a potion of agility {unknown}
Comestibles
 f - 5 rations


   Skills:
 * Level 5.6(2.2) Fighting
 + Level 4.8(1.5) Long Blades
 * Level 6.2(2.7) Armour
 * Level 3.0(0.0) Dodging
 + Level 0.1(0.0) Stealth
 * Level 6.2(2.7) Shields


You had 6 spell levels left.
You didn't know any spells.
Your spell library was empty.

Dungeon Overview and Level Annotations

Branches:
Dungeon (4/15)
 Temple: D:4-7

Altars:
Gozag
Hepliaklqana
Ru
Sif Muna
Xom

Annotations:
D:4 Edmund


Innate Abilities, Weirdness & Mutations

You reflexively headbutt those who attack you in melee.
You have a pair of horns on your head.


Message History

Edmund hits you with a +2 dire flail of draining.
You feel drained. Edmund closely misses you.
You hit Edmund but do no damage.
Edmund is heavily wounded.
Edmund hits you with a +2 dire flail of draining!
You feel drained.
* * * LOW HITPOINT WARNING * * *
You hit Edmund but do no damage. Your headbutt misses Edmund.
Edmund is heavily wounded.
You block Edmund's attack.
You hit Edmund but do no damage. Your headbutt misses Edmund.
Edmund is heavily wounded.
Edmund hits you with a +2 dire flail of draining.
* * * LOW HITPOINT WARNING * * *
You feel drained.
* * * LOW HITPOINT WARNING * * *
You feel very mighty all of a sudden.
Edmund hits you with a +2 dire flail of draining!
You die...
Your body crumbles into a pile of gold.

...## #...## .# ....## ##
... #....##.# .... #.......
...#.!# .....## #..#.#
.....# .##....##...## ......
......o@@....#######.....
##....##...!.##.##...#...
#.... #..#...........##..
...@ .#.##...............
..# .................... .
..#...##..........##.
....###................
....... #.....#...........
.......####.....####........


You could see Edmund and an orc.

Vanquished Creatures
  Sigmund (D:2)
  5 killer bees (D:3)
  An orc wizard (D:4)
  A gnoll shaman (D:3)
  Natasha (D:2)
  Terence (D:2)
  A worker ant (D:4)
  An iguana (D:4)
  5 gnolls
  10 adders
  An ooze (D:1)
  4 worms
  2 dart slugs
  A leopard gecko (D:3)
  4 orcs
  5 giant cockroaches
  8 hobgoblins
  7 jackals (D:3)
  3 quokkas
  A ball python (D:2)
  7 bats
  3 frilled lizards
  10 goblins
  6 kobolds
  7 rats
96 creatures vanquished.

Notes
Turn   | Place    | Note
-------+----------+-------------------------------------------
     0 | D:1      | troglodite the Minotaur Fighter began the quest for the
                  | Orb.
     0 | D:1      | Reached XP level 1. HP: 19/19 MP: 0/0
    87 | D:1      | Reached XP level 2. HP: 26/27 MP: 1/1
   661 | D:2      | Reached skill level 1 in Dodging
   661 | D:2      | Reached XP level 3. HP: 25/33 MP: 2/2
   732 | D:2      | Noticed Natasha
   737 | D:2      | Killed Natasha
   737 | D:2      | Reached XP level 4. HP: 31/40 MP: 3/3
   819 | D:2      | Noticed Sigmund
   835 | D:2      | Killed Sigmund
   835 | D:2      | Reached skill level 5 in Shields
   835 | D:2      | Reached XP level 5. HP: 25/47 MP: 4/4
  1036 | D:2      | Noticed Terence
  1051 | D:2      | Killed Terence
  1051 | D:2      | Reached skill level 5 in Armour
  1130 | D:2      | Reached XP level 6. HP: 53/53 MP: 5/5
  1142 | D:2      | Found an opulent altar of Gozag.
  1175 | D:2      | Became a worshipper of Gozag Ym Sagoz the Greedy
  1423 | D:3      | Found a deep blue altar of Sif Muna.
  1436 | D:3      | Found a shimmering altar of Xom.
  1439 | D:3      | Found a sacrificial altar of Ru.
  1794 | D:3      | Reached skill level 5 in Fighting
  1794 | D:3      | Reached XP level 7. HP: 33/61 MP: 6/6
  2422 | D:4      | Found a hazy altar of Hepliaklqana.
  2544 | D:4      | Noticed Edmund
  2569 | D:4      | Slain by Edmund

Skill      XL: |  1  2  3  4  5  6  7 |
---------------+----------------------+-----
Armour         | 4 5 6 |  6.2
Shields        | 4 5 6 |  6.2
Fighting       | 4 5 |  5.6
Dodging        | 1 2 3 |  3.0
Long Blades    | 3 4 |  4.8
Stealth        | |  0.1

Action                   |  1- 3 |  4- 6 |  7- 9 || total
-------------------------+-------+-------+-------++-------
Melee: Long sword        |    79 |   155 |    78 ||   312
       Headbutt          |     6 |    28 |    16 ||    50
Invok: Potion Petition   |       |     1 |       ||     1
  Use: Potion            |       |     2 |     1 ||     3
  Eat: Chunk             |       |     2 |       ||     2
       Ration            |       |       |     1 ||     1
Armor: Scale mail        |    15 |       |       ||    15
       Chain mail        |    22 |    90 |    33 ||   145
Dodge: Dodged            |    19 |    50 |    28 ||    97
Block: Shield            |    36 |   102 |    62 ||   200
       Rpst.: Long sword |     7 |    18 |     4 ||    29
